 Dungeon Crawl Stone Soup version 0.30.1-11-g7821555f0a (webtiles) character file.

Game seed: 13039158683844113055

779 JordanG8 the Thaumaturge (level 7, -1/32 (36) HPs)
             Began as a Deep Elf Hedge Wizard on Nov 17, 2023.
             Slain by a gnoll
             ... wielding a +2 vampiric whip
             ... led by a gnoll sergeant
              (3 damage)
             ... on level 5 of the Dungeon.
             The game lasted 00:25:24 (4665 turns).

JordanG8 the Thaumaturge (Deep Elf Hedge Wizard)    Turns: 4665, Time: 00:25:25

HP:   -1/32 (36)    AC:  4    Str:  7    XL:     7   Next: 54%
MP:   21/24         EV: 12    Int: 21    God:
Gold: 218           SH:  0    Dex: 14    Spells: 21/29 levels left

rFire   + . .        w - +2 dagger (venom)
rCold   x . .        g - orb {mayhem}
rNeg    . . .        b - +0 robe
rPois   .            c - +1 hat
rElec   .            (no cloak)
rCorr   .            u - +0 pair of gloves
SInv    .            (no boots)
Will    .....        (no amulet)
Stlth   ++           h - ring of fire
HPRegen 0.25/turn    (no ring)
MPRegen 0.19/turn

%: mayhem
@: heavily drained
A: no striking features
a: no special abilities


You were on level 5 of the Dungeon.
You visited 1 branch of the dungeon, and saw 5 of its levels.

You collected 218 gold pieces.

Inventory:

Hand Weapons
 a - a +0 dagger
 w - a +2 dagger of venom (weapon)
Armour
 b - a +0 robe (worn)
 c - a +1 hat (worn)
 g - an orb of mayhem (worn)
 u - a +0 pair of gloves (worn)
Jewellery
 h - a ring of fire (left hand)
Wands
 p - a wand of flame (27)
Scrolls
 e - 4 scrolls of immolation
 l - a scroll of blinking {unknown}
 m - a scroll of teleportation {unknown}
 n - 2 scrolls of poison {unknown}
 r - 3 scrolls of fog
 s - a scroll of magic mapping {unknown}
 x - a scroll of noise {unknown}
Potions
 d - a potion of magic
 f - a potion of haste
 i - 4 potions of degeneration
 j - 3 potions of attraction
 k - a potion of curing
 o - a potion of cancellation {unknown}
 q - 2 potions of flight
 t - a potion of resistance {unknown}
 v - a potion of mutation {unknown}
 z - a potion of might {unknown}


   Skills:
 - Level 2.4 Dodging
 - Level 2.4 Stealth
 * Level 11.8 Spellcasting
 - Level 1.1 Conjurations
 - Level 1.1 Summonings
 - Level 1.1 Translocations


You had 21 spell levels left.
You knew the following spells:

 Your Spells              Type           Power      Damage    Failure   Level
a - Magic Dart            Conj           68%        1d6       3%          1
b - Slow                  Hex            48%        N/A       5%          1
c - Cigotuvi's Dreadful   Necr/Pois/Air  24%        N/A       9%          2
d - Foxfire               Conj/Fire      88%        2x1d8     4%          1
e - Blink                 Tloc           34%        N/A       4%          2
f - Kiss of Death         Conj/Necr      56%        2d9       4%          1

Your spell library contained the following spells:

 Spells                   Type           Power      Damage    Failure   Level
 Call Imp                 Summ           34%        N/A       4%          2
 Freeze                   Ice            48%        1d6       5%          1
 Sandblast                Erth           24%        2d8       5%          1
 Passwall                 Tmut/Erth      10%        N/A       9%          2
 Poisonous Vapours        Pois/Air       24%        N/A       9%          2
 Call Canine Familiar     Summ           17%        N/A       10%         3
 Hailstorm                Conj/Ice       14%        3d5       13%         3
 Portal Projectile        Hex/Tloc       28%        N/A       13%         3
 Stone Arrow              Conj/Erth      28%        3d8       13%         3
 Volatile Blastmotes      Fire/Tloc      44%        2d13      13%         3
 Mephitic Cloud           Conj/Pois/Air  14%        N/A       14%         3
 Confusing Touch          Hex            12%        N/A       16%         3
 Frozen Ramparts          Ice            24%        1d4       16%         3
 Iskenderun's Mystic Bla  Conj/Tloc      17%        2d5       32%         4
 Fulminant Prism          Conj/Hex       7%         3d7       38%         4
 Dispel Undead            Necr           12%        3d9       47%         4
 Leda's Liquefaction      Hex/Erth       6%         N/A       47%         4
 Fireball                 Conj/Fire      11%        3d7       75%         5
 Freezing Cloud           Conj/Ice/Air   7%         6-21      77%         5
 Lee's Rapid Deconstruct  Erth           6%         3d6*      83%         5
 Plasma Beam              Fire/Air       9%         2x1d21    100%        6
 Starburst                Conj/Fire      11%        6d5       100%        6


Dungeon Overview and Level Annotations

Branches:
Dungeon (5/15)
 Temple: D:4-7

Altars:
Gozag
Makhleb


Message History

The ice beast is severely wounded.
You feel a surge of power!
There is not enough space to conjure foxfire!
You closely miss the ice beast.
The ice beast is severely wounded.
The foxfire hits the gnoll but does no damage.
The gnoll closely misses you.
You closely miss the ice beast.
The ice beast is severely wounded.
The gnoll closely misses you. x2
The ice beast hits you but does no damage.
You hit the ice beast.
The ice beast is almost dead.
The gnoll hits you from afar with a +0 spear!
The gnoll hits you from afar with a +0 spear.
The ice beast barely misses you.
Casting: Foxfire (safe; 4% risk of failure)
Confirm with . or Enter, or press ? or * to list all spells.
You blink.
A gnoll sergeant comes into view. It is wielding a +3 spear of pain.
The gnoll sergeant shouts!
The gnoll unwields a +0 flail.
The gnoll wields a +0 sling.
The gnoll shoots a sling bullet.
The sling bullet hits you!
* * * LOW HITPOINT WARNING * * *
Your magical contamination has completely faded away.
The gnoll attacks as you move away! The gnoll hits you but does no damage.
The gnoll sergeant closely misses you. The gnoll attacks as you move away!
The gnoll hits you with a +2 vampiric whip.
* * * LOW HITPOINT WARNING * * *
The gnoll attacks as you move away!
The gnoll hits you with a +2 vampiric whip.
* * * LOW HITPOINT WARNING * * *
Casting: Blink (safe; 4% risk of failure)
Confirm with . or Enter, or press ? or * to list all spells.
Okay, then.
You feel stable enough to blink again.
There is a stone staircase leading up here.
The gnoll hits you with a +2 vampiric whip.
You die...

######### #<.......
#.####### #@# #g########
#gg....... #gg#######
#..# ########.Y####
#########
.........S>..####........
...........S.Y§S.O#######
.##.####.###.######


You could see an ice beast, a gnoll sergeant, 4 gnolls and an adder.

Vanquished Creatures
  Grinder (D:3)
  2 black bears (D:4)
  A phantom (D:4)
  A scorpion (D:5)
  2 orc priests (D:3)
  A hound (D:4)
  Natasha (thrice) (D:2)
  Robin (D:3)
  2 adders
  3 dart slugs
  7 orcs
  A bat (D:2)
  4 endoplasms
  3 giant cockroaches
  11 goblins
  9 hobgoblins
  4 jackals (D:1)
  5 kobolds
  A quokka (D:1)
  5 ball pythons
  3 frilled lizards
  4 rats
74 creatures vanquished.

Vanquished Creatures (collateral kills)
  A goblin (D:3)
  2 hobgoblins (D:3)
3 creatures vanquished.

Vanquished Creatures (others)
  297 foxfires
297 creatures vanquished.

Grand Total: 374 creatures vanquished

Notes
Turn   | Place    | Note
-------+----------+-------------------------------------------
     0 | D:1      | JordanG8 the Deep Elf Hedge Wizard began the quest for the
                  | Orb.
     0 | D:1      | Reached XP level 1. HP: 10/10 MP: 7/7
     2 | D:1      | Learned a level 1 spell: Slow
   326 | D:1      | Reached skill level 5 in Spellcasting
   326 | D:1      | Reached XP level 2. HP: 8/15 MP: 0/10
   476 | D:1      | Learned a level 2 spell: Cigotuvi's Dreadful Rot
   517 | D:1      | Learned a level 1 spell: Foxfire
   520 | D:1      | Learned a level 2 spell: Blink
  1068 | D:2      | Noticed Natasha
  1074 | D:2      | Killed Natasha
  1075 | D:2      | Reached skill level 6 in Spellcasting
  1075 | D:2      | Reached XP level 3. HP: 19/19 MP: 4/12
  1186 | D:2      | Noticed Natasha
  1189 | D:2      | Killed Natasha
  1232 | D:2      | Reached XP level 4. HP: 24/24 MP: 10/14
  1413 | D:2      | Found a burning altar of Makhleb.
  1571 | D:2      | Noticed Natasha
  1579 | D:2      | Killed Natasha
  1580 | D:2      | Reached skill level 7 in Spellcasting
  1664 | D:2      | Learned a level 1 spell: Kiss of Death
  2208 | D:3      | Noticed Robin
  2407 | D:3      | Noticed Grinder
  2418 | D:3      | Killed Grinder
  2419 | D:3      | Reached skill level 9 in Spellcasting
  2419 | D:3      | Reached XP level 5. HP: 20/28 MP: 6/18
  2419 | D:3      | Reached XP level 6. HP: 23/32 MP: 6/20
  2564 | D:3      | Killed Robin
  2934 | D:3      | Found an opulent altar of Gozag.
  3247 | D:3      | Reached skill level 10 in Spellcasting
  3897 | D:4      | Reached XP level 7. HP: 20/36 MP: 13/23
  4005 | D:4      | Reached skill level 11 in Spellcasting
  4537 | D:5      | Entered Level 5 of the Dungeon
  4662 | D:5      | HP: 1/32 [gnoll/+2 vampiric whip[a gnoll sergeant] (1)]
  4665 | D:5      | Slain by a gnoll

Illustrated notes

Levels and vault maps discovered:
D:1:      amcnicky_arrival_gap_in_the_tavern_cellar, layout_loops_ring
D:2:      layout_basic, basic_altar, uniq_natasha
D:3:      layout_basic, mainiacjoe_overflow_concentric_impassable,
          small_statue_alley_b, kennysheep_decorative_pillar,
          lightli_corner_chamber, uniq_grinder, uniq_robin
D:4:      layout_loops_corners, dreamdust_wishing_well
D:5:      minmay_bubble_buster, layout_loops_ring,
          grunt_dithmenos_smoke_and_mirrors, minmay_temple_entry_mini_moons,
          serial_shops, shop

Skill      XL: |  1  2  3  4  5  6  7 |
---------------+----------------------+-----
Spellcasting   | 5 6 9 10 11 | 11.8
Dodging        | |  2.4
Stealth        | |  2.4
Conjurations   | |  1.1
Summonings     | |  1.1
Translocations | |  1.1

Action                     |  1- 3 |  4- 6 |  7- 9 || total
---------------------------+-------+-------+-------++-------
  Melee: Dagger            |     2 |     7 |     4 ||    13
   Cast: Magic Dart        |    24 |     1 |       ||    25
         Foxfire           |    37 |   142 |    31 ||   210
         Kiss of Death     |       |     3 |       ||     3
         Cigotuvi's Dreadf |       |     2 |     1 ||     3
         Blink             |       |     1 |     2 ||     3
    Use: Scroll            |     3 |     4 |     1 ||     8
 Armour: Robe              |     3 |     4 |     5 ||    12
  Dodge: Dodged            |    15 |    18 |     9 ||    42
